 Dungeon Crawl Stone Soup version 0.29.0-11-gd7f09526c8 (webtiles) character file.

Game seed: 13403814513256294514

11 SensoryNuts the Trooper (level 2, 0/26 HPs)
             Began as a Draconian Fighter on Sept 2, 2022.
             Slain by a gnoll
             ... wielding a +0 flail
              (11 damage)
             ... on level 1 of the Dungeon.
             The game lasted 00:00:21 (141 turns).

SensoryNuts the Trooper (Draconian Fighter)          Turns: 141, Time: 00:00:21

Health: 0/26       AC:  4    Str: 18    XL:     2   Next: 13%
Magic:  2/2        EV: 12    Int:  8    God:
Gold:   24         SH:  4    Dex: 10    Spells: 1/1 levels left

rFire   . . .      SeeInvis .   a - +0 long sword
rCold   . . .      Faith    .   b - +0 buckler
rNeg    . . .      Spirit   .   (body armour unavailable)
rPois   .          Reflect  .   (helmet restricted)
rElec   .          Harm     .   (no cloak)
rCorr   .          Rampage  .   (no gloves)
Will    .....                   (no boots)
Stlth   +.........              (no amulet)
HPRegen 0.08/turn               (no ring)
MPRegen 0.08/turn               (no ring)

@: mighty
A: AC +4, unfitting armour, cold-blooded
a: no special abilities


You were on level 1 of the Dungeon.
You visited 1 branch of the dungeon, and saw 1 of its levels.

You collected 24 gold pieces.

Inventory:

Hand Weapons
 a - a +0 long sword (weapon)
Armour
 b - a +0 buckler (worn)
Scrolls
 e - a scroll of teleportation {unknown}
Potions
 d - a potion of curing {unknown}
 f - a potion of mutation {unknown}


   Skills:
 + Level 3.5 Fighting
 * Level 2.2 Long Blades
 + Level 2.8 Dodging
 + Level 3.1 Shields


You had one spell level left.
You didn't know any spells.
Your spell library was empty.

Dungeon Overview and Level Annotations

Branches:
Dungeon (1/15)

Altars:


Innate Abilities, Weirdness & Mutations

Your plain brown scales are hard. (AC +4)
You cannot fit into any form of body armour.
You are cold-blooded and may be slowed by cold attacks.


Message History

You slash the jackal!
You kill the jackal!
The jackal barks!
A gnoll comes into view. It is wielding a +0 flail.
The ball python misses you. x2
You barely miss the ball python.
The gnoll shouts!
The ball python closely misses you. The ball python grabs you.
The ball python constricts you.
The ball python bites you but does no damage.
The ball python constricts you.
You escape the ball python's grasp.
You block the ball python's attack. The ball python closely misses you.
You closely miss the jackal. The jackal barely misses you.
The jackal bites you.
You slash the ball python!
You kill the ball python!
The jackal misses you. x2
You barely miss the jackal. The jackal closely misses you.
The jackal misses you.
You barely miss the gnoll.
You tail-slap the gnoll, but do no damage.
You block the jackal's attack. The gnoll hits you with a +0 flail.
The jackal barely misses you.
You barely miss the gnoll. The gnoll hits you with a +0 flail!
The jackal completely misses you. The gnoll barely misses you.
You are too injured to fight recklessly!
You are too injured to fight recklessly!
You are too injured to fight recklessly!
You are too injured to fight recklessly!
You are too injured to fight recklessly!
You are too injured to fight recklessly!
You are too injured to fight recklessly!
You are too injured to fight recklessly!
You are too injured to fight recklessly!
There are no items here.
You feel very mighty all of a sudden. The jackal barely misses you.
The jackal bites you. The gnoll hits you with a +0 flail!
You die...

.........#####........#..#.)....#
.........# #........#..#......#
.#.......# #........#.........+
####'##### #........##........#
#.......# #........###.....###
#.......# #........# #####.#
#.......# #.[......# #.#
#.......# #...g....# #..
###.......# #..@h....# #...
.#........# #####....# #.#.#
.#.######## #....# #.#.. ...#
#....# #.##. ).## #g..$# ..# #
.## #....# .# #....# ## ....##


You could see a gnoll and a jackal.

Vanquished Creatures
  2 endoplasms (D:1)
  2 giant cockroaches (D:1)
  A jackal (D:1)
  A ball python (D:1)
  2 kobolds (D:1)
  3 rats (D:1)
11 creatures vanquished.

Notes
Turn   | Place    | Note
-------+----------+-------------------------------------------
     0 | D:1      | SensoryNuts the Draconian Fighter began the quest for the
                  | Orb.
     0 | D:1      | Reached XP level 1. HP: 19/19 MP: 1/1
    94 | D:1      | Reached XP level 2. HP: 26/26 MP: 2/2
   141 | D:1      | Slain by a gnoll

Illustrated notes

Levels and vault maps discovered:
D:1:      scummos_arrival_checkerplants, layout_basic,
          dreamdust_ecumenical_altar_statues, hex_intersection

Action                   || total
-------------------------++-------
Melee: Long sword        ||    30
       Tailslap          ||     2
  Use: Potion            ||     1
Armor: Skin              ||     5
Dodge: Dodged            ||    33
Block: Buckler           ||     6
